 Dungeon Crawl Stone Soup version 0.29.1-15-g9cfb28693d (webtiles) character file.

Game seed: 6715106502549865286

5 Aquila the Caller (level 1, 0/7 HPs)
             Began as a Felid Summoner on Jan 17, 2024.
             Slain by a jackal (3 damage)
             ... on level 1 of the Dungeon.
             The game lasted 00:00:24 (261 turns).

Aquila the Caller (Felid Summoner)                   Turns: 261, Time: 00:00:24

Health: 0/7        AC:  1    Str:  4    XL:     1   Next: 66%
Magic:  2/4        EV: 17    Int: 16    God:
Gold:   26         SH:  0    Dex: 16    Spells: 3/4 levels left
                                        Lives:  0   Deaths: 0

rFire   . . .      SeeInvis +   (weapon unavailable)
rCold   . . .      Faith    .   (shield unavailable)
rNeg    . . .      Spirit   .   (body armour unavailable)
rPois   .          Reflect  .   (helmet unavailable)
rElec   .          Harm     .   (cloak unavailable)
rCorr   .          Rampage  .   (gloves unavailable)
Will    .....                   (boots unavailable)
Stlth   ++........              (no amulet)
HPRegen 0.02/turn               (no ring)
MPRegen 0.09/turn               (no ring)

@: quick
A: very small, claws 1, fangs 3, see invisible, speed 1, shaggy fur 1, stealthy
paws, no weapons or thrown items, no armour, multi-lived
a: no special abilities


You were on level 1 of the Dungeon.
You visited 1 branch of the dungeon, and saw 1 of its levels.

You collected 26 gold pieces.

Inventory:

Scrolls
 b - a scroll of identify {unknown}
Potions
 a - a potion of magic


   Skills:
 + Level 2.7 Dodging
 + Level 2.7 Stealth
 + Level 2.0 Spellcasting
 + Level 4.2 Summonings


You had 3 spell levels left.
You knew the following spells:

 Your Spells              Type           Power      Damage    Failure   Level
a - Summon Small Mammal   Summ           60%        N/A       3%          1

Your spell library contained the following spells:

 Spells                   Type           Power      Damage    Failure   Level
 Call Imp                 Summ           15%        N/A       5%          2
 Call Canine Familiar     Summ           15%        N/A       11%         3
 Summon Guardian Golem    Hex/Summ       8%         N/A       26%         3
 Summon Lightning Spire   Summ/Air       8%         N/A       65%         4


Dungeon Overview and Level Annotations

Branches:
Dungeon (1/15)

Altars:


Innate Abilities, Weirdness & Mutations

You have sharp claws.
You have razor-sharp teeth.
You have supernaturally acute eyesight. (SInv)
You cover ground quickly. (Speed+)
You are covered in fur. (AC +1)
Your paws help you pounce on unaware monsters.
You are incapable of wielding weapons or throwing items.
You cannot wear armour.
You gain extra lives every three experience levels.


Message History

Your bat hits the endoplasm but does no damage.
The endoplasm jiggles.
The endoplasm barely misses your rat.
Your rat bites the endoplasm but does no damage.
Your bat hits the endoplasm. The endoplasm hits your rat.
Your rat completely misses the endoplasm.
Your bat hits the endoplasm. The endoplasm misses your bat.
Your rat bites the endoplasm.
The endoplasm dies!
You swap places.
A jackal comes into view.
Found a scroll labelled XAWOEN NEOL.
Your rat disappears in a puff of smoke!
A jackal is nearby!
Your bat hits the jackal. The jackal barely misses your bat.
A jackal comes into view.
Your bat completely misses the jackal.
Your bat hits the jackal but does no damage.
Your bat closely misses the jackal.
Your bat barely misses the jackal.
Your bat hits the jackal.
Your bat hits the jackal but does no damage.
Your bat closely misses the jackal.
Your bat barely misses the jackal.
The jackal bites you. The jackal barely misses your bat.
You closely miss the jackal.
The jackal is moderately wounded.
Your bat hits the jackal. The jackal bites you.
Your bat closely misses the jackal.
The jackal barely misses you.
You scratch the jackal.
You kill the jackal!
Your bat disappears in a puff of smoke!
Your bat closely misses the jackal.
The jackal bites you.
You are too injured to fight recklessly!
You are too injured to fight recklessly!
You are too injured to fight recklessly!
Casting: Summon Small Mammal (safe; 3% risk of failure)
Confirm with . or Enter, or press ? or * to list all spells.
Your bat misses the jackal. The jackal misses you.
You barely miss the jackal.
Your bat closely misses the jackal.
The jackal bites you.
You die...

#######
############.....##
#.........#.......##
#...........>......#
#..................#
#............bh@...#
##.............†....#
....................#
##.........#..b....##
#..................
#..................#
#####.####.........#
.# .....?....# ..


You could see a jackal (ally target) and 2 friendly bats.

Vanquished Creatures
  A jackal (D:1)
1 creature vanquished.

Vanquished Creatures (collateral kills)
  A dart slug (D:1)
  An endoplasm (D:1)
2 creatures vanquished.

Grand Total: 3 creatures vanquished

Notes
Turn   | Place    | Note
-------+----------+-------------------------------------------
     0 | D:1      | Aquila the Felid Summoner began the quest for the Orb.
     0 | D:1      | Reached XP level 1. HP: 7/7 MP: 4/4
   261 | D:1      | Slain by a jackal

Illustrated notes

Levels and vault maps discovered:
D:1:      dpeg_arrival_court, layout_rooms

Action                   || total
-------------------------++-------
Melee: Unarmed           ||     3
 Cast: Summon Small Mamm ||     6
Dodge: Dodged            ||     3
